PCL
GRESHAM GOLD SOULS @ REDWOOD CITY REDWOODS
05/30/2030
 
TOP OF THE 1ST
Gresham Gold Souls batting - Pitching for Redwood City Redwoods : RHP Bill Peterson
Pitching: RHP Bill Peterson
Batting: LHB Jeff Douglas 0-0: Ball
1-0: Ball
2-0: Swinging Strike
2-1: Swinging Strike
2-2: Fly out, F8 (Flyball, 8RXD)
Batting: RHB Jared Thompson 0-0: SINGLE (Groundball, 4MD)
Batting: RHB Mario Beltrán 0-0: Called Strike
0-1: Ball
1-1: Ball
2-1: Ball
3-1: Foul Ball, location: 2F
3-2: Strikes out swinging
Batting: LHB Jeff Forsyth 0-0: Ball
1-0: Reached on error, E4 (Groundball, 4)
Jared Thompson to second
Batting: LHB Bill Smith 0-0: Ball
1-0: Called Strike
1-1: Fly out, F7 (Flyball, 78S)
Top of the 1st over - 0 runs, 1 hit, 1 error, 2 left on base; Gresham 0 - Redwood City 0
BOTTOM OF THE 1ST
Redwood City Redwoods batting - Pitching for Gresham Gold Souls : LHP Jeff Brennan
Pitching: LHP Jeff Brennan
Batting: RHB William Rogers 0-0: Swinging Strike
0-1: Called Strike
0-2: Ball
1-2: Ball
2-2: Ball
3-2: SINGLE (Line Drive, 89M)
Batting: LHB Tim Ramsey 0-0: Swinging Strike
0-1: Ball
1-1: Ball
2-1: Ball
3-1: DOUBLE (Line Drive, 89D)
William Rogers to third
Runner from 3rd tries for Home, SAFE, no throw
Batting: RHB Steve Sampson 0-0: Called Strike
0-1: SINGLE (Line Drive, 89S)
Tim Ramsey to third
Batting: RHB Javier Ortíz 0-0: Ball
1-0: Called Strike
1-1: Called Strike
1-2: Fly out, F3 (Line Drive, 34)
Batting: LHB Keith Green 0-0: Called Strike
0-1: Called Strike
0-2: Strikes out swinging
Batting: RHB Héctor Vázquez 0-0: Ball
Wild Pitch!
Tim Ramsey scores
Steve Sampson to second
1-0: Swinging Strike
1-1: Foul Ball, location: 2F
1-2: Ground out 5-3 (Groundball, 56S)
Bottom of the 1st over - 2 runs, 3 hits, 0 errors, 1 left on base; Gresham 0 - Redwood City 2
TOP OF THE 2ND
Gresham Gold Souls batting - Pitching for Redwood City Redwoods : RHP Bill Peterson
Batting: LHB Ezechiele Bruno 0-0: Ball
1-0: DOUBLE (Line Drive, 9LM)
Batting: RHB David Hernández 0-0: Ball
1-0: Foul Ball, location: 2F
1-1: Swinging Strike
1-2: Foul Ball, location: 2F
1-2: Ball
2-2: Ball
3-2: Strikes out looking and he ARGUES THE CALL AND IS TOSSED!
Batting: RHB Mario Méndez 0-0: Ball
1-0: Foul Ball, location: 2F
1-1: Ball
2-1: SINGLE (Flyball, 9LS)
Ezechiele Bruno to third
Batting: RHB Augusto Baiano 0-0: Called Strike
0-1: Grounds into double play, 5-4-3 (Groundball, 56)
Top of the 2nd over - 0 runs, 2 hits, 0 errors, 1 left on base; Gresham 0 - Redwood City 2
BOTTOM OF THE 2ND
Redwood City Redwoods batting - Pitching for Gresham Gold Souls : LHP Jeff Brennan
Now at SS: Francis Shaffer
Batting: RHB Luis Miguel Sánchez 0-0: Ground out 6-3 (Groundball, 6)
Batting: RHB Danny Boykins 0-0: Ball
1-0: Ball
2-0: DOUBLE (Line Drive, 9D)
Batting: RHB Francisco Rodríguez 0-0: Called Strike
0-1: Foul Ball, location: 2F
0-2: Ground out 4-3 (Groundball, 34)
Danny Boykins to third
Batting: RHB William Rogers 0-0: Called Strike
0-1: Ball
1-1: SINGLE (Line Drive, 4M)
Danny Boykins scores
Batting: LHB Tim Ramsey 0-0: Ball
William Rogers is caught stealing 2nd base
Bottom of the 2nd over - 1 run, 2 hits, 0 errors, 0 left on base; Gresham 0 - Redwood City 3
TOP OF THE 3RD
Gresham Gold Souls batting - Pitching for Redwood City Redwoods : RHP Bill Peterson
Batting: LHB Jeff Douglas 0-0: Ball
1-0: Foul Ball, location: 2F
1-1: Foul Ball, location: 2F
1-2: Foul Ball, location: 2F
1-2: Ball
2-2: Foul Ball, location: 2F
2-2: SOLO HOME RUN (Flyball, 9D), Distance : 359 ft
Batting: RHB Jared Thompson 0-0: Ball
1-0: SINGLE (Flyball, 78M)
Batting: RHB Mario Beltrán 0-0: Called Strike
0-1: SINGLE (Groundball, 34D)
Jared Thompson to second
Runner from 2nd tries for 3rd, SAFE, no throw
Batting: LHB Jeff Forsyth 0-0: SINGLE (Line Drive, 89S)
Jared Thompson scores
Mario Beltrán to second
Runner from 2nd tries for 3rd, SAFE, throw made to third
Batting: LHB Bill Smith 0-0: Ball
1-0: Fly out, F9 (Flyball, 9S)
Runner from 3rd tags up, SCORES, throw made
Batting: LHB Ezechiele Bruno 0-0: Swinging Strike
0-1: Ball
1-1: Fly out, F7 (Flyball, 78D)
Batting: SHB Francis Shaffer 0-0: SINGLE (Line Drive, 8RS)
Jeff Forsyth to second
Runner from 2nd tries for 3rd, SAFE, no throw
Batting: RHB Mario Méndez 0-0: Ground out 6-3 (Groundball, 6M)
Top of the 3rd over - 3 runs, 5 hits, 0 errors, 2 left on base; Gresham 3 - Redwood City 3
BOTTOM OF THE 3RD
Redwood City Redwoods batting - Pitching for Gresham Gold Souls : LHP Jeff Brennan
Batting: LHB Tim Ramsey 0-0: Called Strike
0-1: Fly out, F7 (Flyball, 7S)
Batting: RHB Steve Sampson 0-0: Called Strike
0-1: Foul Ball, location: 2F
0-2: Ball
1-2: Ball
2-2: Foul Ball, location: 2F
2-2: Fly out, F5 (Line Drive, 5)
Batting: RHB Javier Ortíz 0-0: Called Strike
0-1: Foul Ball, location: 2F
0-2: Ball
1-2: Ground out 5-3 (Groundball, 56S)
Bottom of the 3rd over - 0 runs, 0 hits, 0 errors, 0 left on base; Gresham 3 - Redwood City 3
TOP OF THE 4TH
Gresham Gold Souls batting - Pitching for Redwood City Redwoods : RHP Bill Peterson
Batting: RHB Augusto Baiano 0-0: Foul Ball, location: 2F
0-1: Ball
1-1: Ball
2-1: Fly out, F4 (Popup, 3D)
Batting: LHB Jeff Douglas 0-0: Ball
1-0: Foul Ball, location: 2F
1-1: Ball
2-1: Foul Ball, location: 2F
2-2: Ball
3-2: Fly out, F4 (Popup, 4MD)
Batting: RHB Jared Thompson 0-0: Ball
1-0: Ball
2-0: Called Strike
2-1: SOLO HOME RUN (Flyball, 7LD), Distance : 327 ft
Batting: RHB Mario Beltrán 0-0: Ball
1-0: Swinging Strike
1-1: Ball
2-1: DOUBLE (Flyball, 8LXD)
Batting: LHB Jeff Forsyth 0-0: Ball
1-0: Swinging Strike
1-1: Ball
2-1: SINGLE (Groundball, 5D)
Mario Beltrán to third
Runner from 3rd tries for Home, throw and OUT!
Top of the 4th over - 1 run, 3 hits, 0 errors, 1 left on base; Gresham 4 - Redwood City 3
BOTTOM OF THE 4TH
Redwood City Redwoods batting - Pitching for Gresham Gold Souls : LHP Jeff Brennan
Batting: LHB Keith Green 0-0: Called Strike
0-1: Ground out 4-3 (Groundball, 4S)
Batting: RHB Héctor Vázquez 0-0: Foul Ball, location: 2F
0-1: Ball
1-1: Ball
2-1: Foul Ball, location: 2F
2-2: Fly out, F7 (Flyball, 78M)
Batting: RHB Luis Miguel Sánchez 0-0: Called Strike
0-1: Called Strike
0-2: Ball
1-2: Foul Ball, location: 2F
1-2: Fly out, F7 (Flyball, 7)
Bottom of the 4th over - 0 runs, 0 hits, 0 errors, 0 left on base; Gresham 4 - Redwood City 3
TOP OF THE 5TH
Gresham Gold Souls batting - Pitching for Redwood City Redwoods : RHP Bill Peterson
Batting: LHB Bill Smith 0-0: Ball
1-0: Called Strike
1-1: Ball
2-1: Ball
3-1: Foul Ball, location: 2F
3-2: Fly out, F9 (Line Drive, 9)
Batting: LHB Ezechiele Bruno 0-0: Ball
1-0: Fly out, F5 (Popup, 56S)
Batting: SHB Francis Shaffer 0-0: Ball
1-0: Ground out 4-3 (Groundball, 34D)
Top of the 5th over - 0 runs, 0 hits, 0 errors, 0 left on base; Gresham 4 - Redwood City 3
BOTTOM OF THE 5TH
Redwood City Redwoods batting - Pitching for Gresham Gold Souls : LHP Jeff Brennan
Batting: RHB Danny Boykins 0-0: Ball
1-0: Called Strike
1-1: Swinging Strike
1-2: Ball
2-2: Foul Ball, location: 2F
2-2: Strikes out swinging, 2-3 out at first.
Batting: RHB Francisco Rodríguez 0-0: Ground out 5-3 (Groundball, 56)
Batting: RHB William Rogers 0-0: Ball
1-0: Called Strike
1-1: Ball
2-1: Ball
3-1: Foul Ball, location: 2F
3-2: Base on Balls
Batting: LHB Tim Ramsey 0-0: Ball
1-0: Called Strike
William Rogers steals 2nd base
1-1: DOUBLE (Flyball, 8LXD)
William Rogers scores
Batting: RHB Steve Sampson 0-0: Swinging Strike
0-1: Ball
Wild Pitch!
Tim Ramsey to third
1-1: Foul Ball, location: 2F
1-2: Foul Ball, location: 2F
1-2: Ball
2-2: Ball
3-2: Fly out, F9 (Flyball, 89M)
Bottom of the 5th over - 1 run, 1 hit, 0 errors, 1 left on base; Gresham 4 - Redwood City 4
TOP OF THE 6TH
Gresham Gold Souls batting - Pitching for Redwood City Redwoods : RHP Bill Peterson
Batting: RHB Mario Méndez 0-0: Foul Ball, location: 2F
0-1: Called Strike
0-2: Ball
1-2: Fly out, F8 (Flyball, 8LD)
Batting: RHB Augusto Baiano 0-0: Ball
1-0: Swinging Strike
1-1: Called Strike
1-2: Ball
2-2: Strikes out swinging
Batting: LHB Jeff Douglas 0-0: Called Strike
0-1: Swinging Strike
0-2: Foul Ball, location: 2F
0-2: Foul Ball, location: 2F
0-2: Strikes out looking
Top of the 6th over - 0 runs, 0 hits, 0 errors, 0 left on base; Gresham 4 - Redwood City 4
BOTTOM OF THE 6TH
Redwood City Redwoods batting - Pitching for Gresham Gold Souls : LHP Jeff Brennan
Pitching: RHP Mike Moyer
Batting: RHB Javier Ortíz 0-0: Ball
1-0: Swinging Strike
1-1: Ball
2-1: Ball
3-1: Swinging Strike
3-2: Ground out 1-3 (Groundball, 13)
Batting: LHB Keith Green 0-0: Ball
1-0: Foul Ball, location: 2F
1-1: Ball
2-1: Foul Ball, location: 2F
2-2: SINGLE (Groundball, 4MD)
Batting: RHB Héctor Vázquez 0-0: Ball
1-0: Called Strike
1-1: Ball
2-1: Foul Ball, location: 2F
2-2: Foul Ball, location: 2F
2-2: Ball
3-2: Fly out, F8 (Flyball, 8LD)
Batting: RHB Luis Miguel Sánchez 0-0: Ball
1-0: Called Strike
1-1: Ground out 4-3 (Groundball, 34)
Bottom of the 6th over - 0 runs, 1 hit, 0 errors, 1 left on base; Gresham 4 - Redwood City 4
TOP OF THE 7TH
Gresham Gold Souls batting - Pitching for Redwood City Redwoods : RHP Bill Peterson
Pitching: RHP Gil Paling
Batting: RHB Jared Thompson 0-0: Called Strike
0-1: SINGLE (Flyball, 8RS)
Batting: RHB Mario Beltrán 0-0: Foul Ball, location: 2F
0-1: Ball
1-1: Foul Ball, location: 2F
1-2: Foul Ball, location: 2F
1-2: Foul Ball, location: 2F
1-2: Foul Ball, location: 2F
1-2: Foul Ball, location: 2F
1-2: Ball
2-2: Ball
Jared Thompson steals 2nd base
3-2: Ground out 4-3 (Groundball, 34)
Jared Thompson to third
Batting: LHB Jeff Forsyth 0-0: Ball
1-0: Swinging Strike
1-1: Swinging Strike
1-2: Strikes out looking
Batting: LHB Bill Smith 0-0: SINGLE (Flyball, 8RS)
Jared Thompson scores
Batting: LHB Ezechiele Bruno 0-0: Ball
Throwing error on steal attempt, E2
Bill Smith to third
1-0: Swinging Strike
1-1: Ball
2-1: Ball
3-1: Swinging Strike
3-2: Foul Ball, location: 2F
3-2: Foul Ball, location: 2F
3-2: Foul Ball, location: 2F
3-2: Foul Ball, location: 2F
3-2: Strikes out swinging
Top of the 7th over - 1 run, 2 hits, 1 error, 1 left on base; Gresham 5 - Redwood City 4
BOTTOM OF THE 7TH
Redwood City Redwoods batting - Pitching for Gresham Gold Souls : RHP Mike Moyer
Now in CF: Gustavo Pagán
Batting: RHB Danny Boykins 0-0: Called Strike
0-1: Foul Ball, location: 2F
0-2: Strikes out looking
Batting: RHB Francisco Rodríguez 0-0: Called Strike
0-1: SINGLE (Line Drive, 56)
Pinch Hitting: RHB Joe Noble 0-0: Ball
1-0: Called Strike
1-1: Grounds into double play, 4-6-3 (Groundball, 4)
Bottom of the 7th over - 0 runs, 1 hit, 0 errors, 0 left on base; Gresham 5 - Redwood City 4
TOP OF THE 8TH
Gresham Gold Souls batting - Pitching for Redwood City Redwoods : RHP Gil Paling
Now in CF: Ryan Holcomb
Batting: SHB Francis Shaffer 0-0: Fly out, F7 (Line Drive, 7LM)
Batting: RHB Mario Méndez 0-0: Ball
1-0: Called Strike
1-1: Ball
2-1: Swinging Strike
2-2: Strikes out swinging
Batting: RHB Augusto Baiano 0-0: Ball
1-0: Ball
2-0: Ground out 5-3 (Groundball, 5S)
Top of the 8th over - 0 runs, 0 hits, 0 errors, 0 left on base; Gresham 5 - Redwood City 4
BOTTOM OF THE 8TH
Redwood City Redwoods batting - Pitching for Gresham Gold Souls : RHP Mike Moyer
Batting: LHB Tim Ramsey 0-0: Ball
1-0: SINGLE (Flyball, 89S)
Batting: RHB Steve Sampson 0-0: Fly out, F8 (Flyball, 89D)
Batting: RHB Javier Ortíz 0-0: Ball
1-0: Ball
2-0: Swinging Strike
2-1: Foul Ball, location: 2F
2-2: Fielders Choice at 2nd, 6-4 (Groundball, 6)
Pitching: LHP Gabriel Rodríguez
Pinch Hitting: RHB Jason Blair 0-0: Ball
1-0: Ball
2-0: Called Strike
2-1: Ball
3-1: SINGLE (Line Drive, 8RM)
Javier Ortíz to second
Batting: RHB Héctor Vázquez 0-0: Ball
1-0: Ground out 4-3 (Groundball, 4S)
Bottom of the 8th over - 0 runs, 2 hits, 0 errors, 2 left on base; Gresham 5 - Redwood City 4
TOP OF THE 9TH
Gresham Gold Souls batting - Pitching for Redwood City Redwoods : RHP Gil Paling
Pitching: RHP Fernando Valdés
Now in LF: Pedro Rodríguez
Batting: LHB Jeff Douglas 0-0: Foul Ball, location: 2F
0-1: Ball
1-1: Ball
2-1: Ball
3-1: Base on Balls
Batting: RHB Jared Thompson 0-0: Called Strike
Jeff Douglas steals 2nd base
0-1: Called Strike
0-2: Ball
1-2: Fly out, F8 (Flyball, 8LS)
Batting: RHB Mario Beltrán 0-0: Ground out 1-3 (Groundball, 15)
Batting: LHB Jeff Forsyth 0-0: Ball
1-0: Ball
2-0: Ball
3-0: Called Strike
3-1: Called Strike
3-2: Strikes out swinging
Top of the 9th over - 0 runs, 0 hits, 0 errors, 1 left on base; Gresham 5 - Redwood City 4
BOTTOM OF THE 9TH
Redwood City Redwoods batting - Pitching for Gresham Gold Souls : LHP Gabriel Rodríguez
Batting: RHB Luis Miguel Sánchez 0-0: SINGLE (Line Drive, 7S)
Batting: RHB Danny Boykins 0-0: Called Strike
0-1: Swinging Strike
0-2: Strikes out swinging
Batting: RHB Francisco Rodríguez 0-0: Ball
1-0: Reached on error, E5 (Groundball, 25)
Luis Miguel Sánchez to third
Pinch Hitting: LHB Vicente Chávez 0-0: Ball
1-0: Ball
2-0: Ball
3-0: Base on Balls
Pinch Hitting: RHB Luis Ramírez 0-0: Called Strike
0-1: Foul Ball, location: 2F
0-2: Ball
1-2: Ball
2-2: Strikes out swinging
Batting: RHB Steve Sampson 0-0: Ball
1-0: Ball
2-0: Called Strike
2-1: Swinging Strike
2-2: Ball
3-2: Foul Ball, location: 2F
3-2: Base on Balls
Luis Miguel Sánchez scores
Francisco Rodríguez to third
Vicente Chávez to second
Batting: RHB Javier Ortíz 0-0: Called Strike
0-1: Fly out, F8 (Flyball, 8RD)
Bottom of the 9th over - 1 run, 1 hit, 1 error, 3 left on base; Gresham 5 - Redwood City 5
TOP OF THE 10TH
Gresham Gold Souls batting - Pitching for Redwood City Redwoods : RHP Fernando Valdés
Now in CF: José Martínez
Now in RF: Marcos Vázquez
Pinch Hitting: SHB Felipe Castro 0-0: Called Strike
0-1: Ball
1-1: SINGLE (Groundball, 6MD)
Batting: LHB Ezechiele Bruno 0-0: Bunted foul
0-1: Ball
1-1: Bunted foul
1-2: Foul Ball, location: 2F
1-2: Strikes out swinging
Pinch Hitting: RHB Alberto Chávez 0-0: Foul Ball, location: 2F
0-1: Ball
1-1: Foul Ball, location: 2F
1-2: Foul Ball, location: 2F
1-2: Ground out 5-3 (Groundball, 56S)
Felipe Castro to second
Batting: RHB Mario Méndez 0-0: Ball
1-0: Ball
2-0: Ball
3-0: Called Strike
3-1: Foul Ball, location: 2F
3-2: SINGLE (Groundball, 56D)
Felipe Castro to third
Felipe Castro scores
Pinch Hitting: LHB Nick Scott 0-0: Called Strike
0-1: Ball
1-1: Ball
2-1: Foul Ball, location: 2F
2-2: Strikes out swinging
Top of the 10th over - 1 run, 2 hits, 0 errors, 1 left on base; Gresham 6 - Redwood City 5
BOTTOM OF THE 10TH
Redwood City Redwoods batting - Pitching for Gresham Gold Souls : LHP Gabriel Rodríguez
Now at 2B: Alberto Chávez
Now at 3B: Willie Houk
Now in RF: Nick Scott
Pinch Hitting: RHB David Strickland 0-0: Ball
1-0: Ball
2-0: Foul Ball, location: 2F
2-1: Swinging Strike
2-2: Strikes out swinging
Batting: RHB Héctor Vázquez 0-0: Called Strike
0-1: Foul Ball, location: 2F
0-2: Strikes out swinging
Batting: RHB Luis Miguel Sánchez 0-0: Ground out 6-3 (Groundball, 6)
Bottom of the 10th over - 0 runs, 0 hits, 0 errors, 0 left on base; Gresham 6 - Redwood City 5
Saturday, April 7th, 2018 - OOTP Baseball 18.8 Build 76